 Dungeon Crawl Stone Soup version 0.18-a0-1343-g48c8f86 (webtiles) character file.

35 telcontar the Skirmisher (level 3, 0/29 HPs)
             Began as a Human Fighter on Feb 16, 2016.
             Succumbed to an adder's poison
             ... on level 2 of the Dungeon.
             The game lasted 00:08:07 (990 turns).

telcontar the Skirmisher (Human Fighter)             Turns: 990, Time: 00:08:07

Health: 0/29       AC:  7    Str: 17    XL:     3   Next: 55%
Magic:  3/3        EV:  5    Int:  8    God:
Gold:   48         SH: 15    Dex: 12    Spells: 0 memorised, 2 levels left

rFire  . . .     SeeInvis .     a - +0 flail
rCold  . . .     Gourm    .     b - +0 scale mail
rNeg   . . .     Faith    .     u - +2 large shield
rPois  .         Spirit   .     (no helmet)
rElec  .         Dismiss  .     (no cloak)
rCorr  .         Reflect  .     q - +0 pair of gloves
SustAt .         Harm     .     (no boots)
MR     .....                    (no amulet)
Stlth  ..........               (no ring)
                                (no ring)

@: lethally poisoned (0 -> -4), not resistant to hostile enchantments, extremely
unstealthy
A: no striking features
a: no special abilities


You were on level 2 of the Dungeon.
You were hungry.

You visited 1 branch of the dungeon, and saw 3 of its levels.

You collected 48 gold pieces.

Inventory:

Hand Weapons
 a - a +0 flail (weapon)
 h - a +0 dagger
 i - a +0 dagger
 n - a +0 spear
 o - a cursed +0 club
 r - a +0 whip
 t - a +0 spear
 w - a +0 whip
 y - a +0 club
 D - a +0 dagger
 E - a +0 club
Armour
 b - a +0 scale mail (worn)
 c - a +0 shield
 e - a +0 leather armour
 q - a +0 pair of gloves (worn)
 u - a +2 large shield (worn)
Scrolls
 g - a scroll of fear {unknown}
 j - a scroll of fog {unknown}
 l - a scroll of magic mapping {unknown}
 p - a scroll of teleportation {unknown}
 s - 2 scrolls of remove curse {unknown}
 z - 4 scrolls of identify {unknown}
 B - a scroll of enchant weapon {unknown}
Potions
 d - 2 potions of might
 k - a potion of curing {unknown}
 m - 2 potions of degeneration {unknown}
 A - 2 potions of heal wounds {unknown}
 C - a potion of lignification {unknown}
 F - a potion of flight {unknown}
Comestibles
 f - 4 bread rations
 v - 4 chunks of flesh
 x - 2 fruits


   Skills:
 + Level 3.5 Fighting
 + Level 2.0 Maces & Flails
 + Level 3.1 Armour
 + Level 1.0 Dodging
 + Level 3.4 Shields


You had 2 spell levels left.
You didn't know any spells.

Dungeon Overview and Level Annotations

Branches:
Dungeon (3/15)

Altars:

Annotations:
D:3 Ymberto's ghost, amateur HuFE


Message History

You miss the adder.
* * * LOW HITPOINT WARNING * * *
You feel sick. You block the adder's attack. x2
You hit the adder.
The adder is moderately wounded.
* * * LOW HITPOINT WARNING * * *
You feel sick. The adder bites you but does no damage.
You block the adder's attack.
You closely miss the adder.
The adder is moderately wounded.
* * * LOW HITPOINT WARNING * * *
You feel sick. The adder bites you.
* * * LOW HITPOINT WARNING * * *
The adder barely misses you.
You miss the adder.
The adder is moderately wounded.
The adder bites you but does no damage. x2
You completely miss the adder.
The adder is moderately wounded.
You die...

......# .. #.... ......#....
..#..# .# ###.# ........## #....#
.# .##... ...>######. #....##.##
....... .#### ##.##........#
#...... .# ##............#
#.##... .#
#..##.........######.##... .#
#.....###.........>..#.... .#
#.......@................ .#
##.##...S.................
.#######..##..............^....%.
.................................
.#####.#####.......##............
.# ###.# #......[##............
.###...# #.......##............
......## #........##...........
......# #.........(......#....


You could see an adder.

Vanquished Creatures
  A giant gecko (D:1)
  2 orcs (D:3)
  3 ball pythons
  7 bats
  A giant cockroach (D:2)
  2 hobgoblins
  3 kobolds
  A quokka (D:2)
  4 giant newts
  5 goblins
  3 rats
32 creatures vanquished.

Notes
Turn   | Place    | Note
--------------------------------------------------------------
     0 | D:1      | telcontar the Human Fighter began the quest for the Orb.
     0 | D:1      | Reached XP level 1. HP: 18/18 MP: 1/1
   257 | D:1      | Reached XP level 2. HP: 24/24 MP: 2/2
   775 | D:2      | Reached XP level 3. HP: 29/29 MP: 3/3
   938 | D:3      | Noticed Ymberto's ghost (amateur HuFE)
   962 | D:3      | Reached skill level 1 in Dodging
   988 | D:2      | HP: 1/29 [adder (2)]
   990 | D:2      | Succumbed to an adder's poison

Vault maps used:
D:1:      dpeg_arrival_tiny_c
D:2:      lemuel_round_altar, first_bread
D:3:      okawaru_trees_2, grunt_pakellas_sulfur

Action                   || total
-------------------------++-------
Melee: Flail             ||   155
